 Dungeon Crawl Stone Soup version 0.29.1-15-g9cfb28693d (webtiles) character file.

Game seed: 14599141221071288232

1374 Tirrikindir the Slasher (level 8, -2/54 HPs)
             Began as an Octopode Fighter on Apr 15, 2023.
             Was an Initiate of Gozag.
             Slain by a gnoll sergeant
             ... wielding a +5 vorpal spear
              (3 damage)
             ... on level 6 of the Dungeon.
             The game lasted 00:13:47 (5168 turns).

Tirrikindir the Slasher (Octopode Fighter)          Turns: 5168, Time: 00:13:49

Health: -2/54      AC:  1    Str: 15    XL:     8   Next: 66%
Magic:  8/8        EV: 14    Int: 11    God:    Gozag
Gold:   506        SH:  6    Dex: 17    Spells: 7/7 levels left

rFire   + + .      SeeInvis .   t - +6 falchion "Acid" {flame, *Corrode rF++ Dex+4 Stlth+}
rCold   . . .      Faith    .   b - +1 buckler
rNeg    . . .      Spirit   .   (helmet restricted)
rPois   .          Reflect  .   (no amulet)
rElec   .          Harm     .   f - +4 ring of protection
rCorr   .          Rampage  .   k - ring of flight
Will    .....                   (no ring)
Stlth   +++++.....              (no ring)
HPRegen 0.18/turn               (no ring)
MPRegen 0.11/turn               (no ring)
                                (no ring)
                                (no ring)

@: about to teleport, corroded, gold aura, flying
A: almost no armour, amphibious, 8 rings, camouflage 1, gelatinous body 1,
(nimble swimmer 1), tentacles
a: Renounce Religion, Potion Petition, Call Merchant, Bribe Branch


You were on level 6 of the Dungeon.
You worshipped Gozag.
Gozag was pleased with you.
You visited 2 branches of the dungeon, and saw 7 of its levels.

You collected 600 gold pieces.
You paid 94 gold pieces to Gozag.

Inventory:

Hand Weapons
 a - a +0 long sword
 n - a +0 hand axe of flaming
 t - the +6 falchion "Acid" (weapon) {flame, *Corrode rF++ Dex+4 Stlth+}
   (You found it on level 7 of the Dungeon)

   It burns those it strikes, dealing additional fire damage.
   Big, fiery blades are also staple armaments of hydra-hunters.
   Dex:       It affects your dexterity (+4).
   rF:        It greatly protects you from fire.
   *Corrode:  It may corrode you when you take damage.
   Stlth:     It makes you more stealthy.
Missiles
 h - 2 poisoned darts (quivered)
Armour
 b - a +1 buckler (worn)
Jewellery
 f - a +4 ring of protection (left tentacle)
 k - a ring of flight (right tentacle)
Wands
 p - a wand of flame (19)
Scrolls
 l - 3 scrolls of immolation
 q - a scroll of fear {unknown}
 r - a scroll of identify {unknown}
 v - a scroll of enchant armour
Potions
 d - a potion of ambrosia {unknown}
 g - a potion of haste {unknown}
 j - a potion of flight {unknown}
 m - a potion of brilliance {unknown}
 o - 2 potions of cancellation {unknown}
 s - 2 potions of attraction {unknown}
 u - a potion of resistance {unknown}


   Skills:
 - Level 4.0 Fighting
 * Level 6.6 Long Blades
 - Level 3.0 Throwing
 - Level 4.0 Dodging
 - Level 6.0 Stealth
 - Level 4.0 Shields
 - Level 4.0 Evocations


You had 7 spell levels left.
You didn't know any spells.
Your spell library contained the following spells:

 Spells                   Type           Power      Damage    Failure   Level
 Poisonous Vapours        Pois/Air       0%         N/A       56%         2
 Sublimation of Blood     Necr           0%         N/A       56%         2
 Conjure Flame            Conj/Fire      0%         6-21      80%         3
 Ignite Poison            Fire/Tmut/Pois 0%         N/A       80%         3
 Mephitic Cloud           Conj/Pois/Air  0%         N/A       80%         3
 Spider Form              Tmut/Pois      0%         N/A       80%         3
 Petrify                  Tmut/Erth      0%         N/A       99%         4
 Sticky Flame             Conj/Fire      0%         2d3       99%         4
 Irradiate                Conj/Tmut      0%         3d11      100%        5
 Eringya's Noxious Bog    Tmut/Pois      0%         N/A       100%        6


Dungeon Overview and Level Annotations

Branches:
Dungeon (7/15)             Temple (1/1) D:4

Altars:
Ashenzari
Dithmenos
Elyvilon
Fedhas
Gozag
Hepliaklqana
Kikubaaqudgha
Makhleb
Okawaru
Qazlal
Ru
Sif Muna
Trog
Uskayaw
Vehumet
Yredelemnul
Zin
The Shining One

Shops:
D:2 :   D:4 =   D:6 [

Annotations:
D:7 Joseph, Maggie


Innate Abilities, Weirdness & Mutations

You cannot wear most types of armour.
You are amphibious.
You can wear up to eight rings at the same time.
Your skin changes colour to match your surroundings (Stealth+).
Your rubbery body absorbs attacks. (AC +1, EV +1)
((You are camouflaged when in or above water. (Stealth+)))
You have tentacles for arms and can constrict up to eight enemies at once.


Message History

The hound is distracted by your dazzling golden aura.
You catch the helpless hound completely off-guard!
You slash the hound! You burn the hound.
You kill the hound!
Training target 4.0 for Evocations reached!
Training target 6.0 for Stealth reached!
Your Stealth skill increases to level 6!
Your Evocations skill increases to level 4!
You barely miss the gnoll. You grab the gnoll. You squeeze the gnoll.
The gnoll is moderately wounded.
You constrict the gnoll.
The gnoll is no longer distracted by gold.
The gnoll misses you.
The gnoll sergeant hits you from afar with a +5 vorpal spear!
You hit the gnoll but do no damage.
The gnoll is moderately wounded.
You constrict the gnoll. The gnoll barely misses you.
The gnoll sergeant hits you from afar with a +5 vorpal spear!
Your corrosive artefact corrodes you!
You slash the gnoll! You burn the gnoll.
You kill the gnoll!
The gnoll sergeant hits you from afar with a +5 vorpal spear!
* * * LOW HITPOINT WARNING * * *
x2 You feel better.
You block the gnoll sergeant's attack.
Throw: dart (curare)
Press: ? - help, Q - select action, (/) - cycle Shift-Dir - straight line, f - gnoll sergeant
Aim: a gnoll sergeant, wielding a +5 vorpal spear and wearing a +0 ring mail (70% to hit)
You throw a curare-tipped dart.
The curare-tipped dart closely misses the gnoll sergeant.
The curare-tipped dart completely misses the gnoll.
The gnoll sergeant hits you from afar with a +5 vorpal spear.
* * * LOW HITPOINT WARNING * * *
x2
Okay, then.
As you read the scroll of teleportation, it crumbles to dust.
You feel strangely unstable.
The gnoll is distracted by your dazzling golden aura.
The gnoll sergeant hits you from afar with a +5 vorpal spear!
* * * LOW HITPOINT WARNING * * *
You die...
Your body crumbles into a pile of gold.

.. #..# ######### ..#..#
#.......# h#..# ###.#####.#
...# #...# #.#### #gg#
#.### #....# $ #..# #.#
####.#
#..######.##########.#
#(..$$g.g.@...(.....>#
........######.##########.#
#####.#.# #.# #.# #...# #.#
#.# ###.. #.##########.#
### #............#
###########..# #..###
#.[..#


You could see a gnoll sergeant and a gnoll (unaware).

Vanquished Creatures
  2 water moccasins (D:7)
  An ice beast (D:7)
  A sky beast (D:7)
  2 kobold brigands
  A bullfrog (D:7)
  A scorpion (D:4)
  3 howler monkeys (D:7)
  A jelly (D:6)
  A quasit (D:7)
  An orc priest (D:4)
  5 hounds
  4 orc wizards
  6 gnolls
  8 adders
  A shadow imp (D:7)
  3 worms (D:2)
  A dart slug (D:1)
  11 orcs
  8 endoplasms
  4 giant cockroaches
  10 goblins
  7 hobgoblins
  2 jackals (D:1)
  4 quokkas
  3 ball pythons
  8 bats
  7 frilled lizards
  3 kobolds
  8 rats
117 creatures vanquished.

Vanquished Creatures (others)
  An orc wizard (D:7)
1 creature vanquished.

Grand Total: 118 creatures vanquished

Notes
Turn   | Place    | Note
-------+----------+-------------------------------------------
     0 | D:1      | Tirrikindir the Octopode Fighter began the quest for the
                  | Orb.
     0 | D:1      | Reached XP level 1. HP: 16/16 MP: 1/1
   521 | D:1      | Reached XP level 2. HP: 21/21 MP: 2/2
  1179 | D:2      | Reached skill level 1 in Stealth
  1180 | D:2      | Reached XP level 3. HP: 26/26 MP: 3/3
  1301 | D:2      | Found a faded altar of an unknown god.
  1361 | D:2      | Reached XP level 4. HP: 20/31 MP: 4/4
  1680 | D:2      | Found Byimekie's Book Shop.
  2425 | D:3      | Reached XP level 5. HP: 31/36 MP: 5/5
  2795 | D:3      | Found an iron altar of Okawaru.
  3350 | D:4      | Found Quframap's Jewellery Shoppe.
  3373 | D:4      | Reached skill level 1 in Throwing
  3373 | D:4      | Reached XP level 6. HP: 43/43 MP: 6/6
  3820 | D:4      | Found a staircase to the Ecumenical Temple.
  3830 | Temple   | Entered the Ecumenical Temple
  3837 | Temple   | Became a worshipper of Gozag Ym Sagoz the Greedy
  3877 | D:4      | Reached skill level 1 in Evocations
  3935 | D:4      | Reached XP level 7. HP: 34/48 MP: 7/7
  4312 | D:4      | Found a broken altar of Ashenzari.
  4419 | D:4      | You are sucked into a shaft and drop 3 floors!
  4574 | D:7      | Noticed Joseph
  4595 | D:7      | Identified the +6 falchion "Acid" {flame, *Corrode rF++
                  | Dex+4 Stlth+}
  4621 | D:7      | Found a glowing golden altar of the Shining One.
  4631 | D:7      | Reached skill level 5 in Long Blades
  4633 | D:7      | Reached XP level 8. HP: 27/54 MP: 8/8
  4641 | D:7      | Reached skill level 5 in Stealth
  4641 | D:7      | Noticed Maggie
  4664 | D:7      | Got the Precepts of Venom
  5050 | D:6      | Found Vithenug's Antique Armour Emporium.
  5056 | D:6      | Identified the +4 ring mail "Cemet" {+Blink Dex+7}
  5168 | D:6      | HP: 1/54 [gnoll sergeant/+5 vorpal spear (9)]
  5168 | D:6      | Slain by a gnoll sergeant

Illustrated notes

Levels and vault maps discovered:
D:1:      spicycebolla_arrival_transporter_tutorial, layout_loops_corners,
          minmay_misc_feat_alley
D:2:      minmay_chambers_of_twos, layout_loops_corners, serial_shops,
          nicolae_shop_advertising_works [nicolae_subvault_shop_adworks],
          shapermc_ecumenical_altar_mp_highgroup, kennysheep_generic_room_12
D:3:      layout_basic, okawaru_trees_2
D:4:      minmay_chambers_of_fours, layout_basic, ashenzari_conservatory_becter,
          minmay_temple_entry_statues_pillars, serial_shops, shop,
          kennysheep_generic_room_15
D:6:      cheibrodos_fzero, layout_basic, lemuel_tele_altar, serial_shops,
          shop_coins, uniq_pikel, uniq_sigmund, uniq_grinder
D:7:      layout_loops_cross, nicolae_tso_besieged_by_evil, serial_park_tiny_1,
          uniq_maggie, uniq_menkaure, uniq_joseph
Temple:   nicolae_temple_no_exploring_needed

Skill      XL: |  1  2  3  4  5  6  7  8 |
---------------+-------------------------+-----
Stealth        | 1 2 3 4 6 |  6.0
Long Blades    | 3 4 5 6 |  6.6
Dodging        | 4 |  4.0
Shields        | 4 |  4.0
Throwing       | 1 2 3 |  3.0
Evocations     | 1 2 4 |  4.0
Fighting       | 4 |  4.0

Action                   |  1- 3 |  4- 6 |  7- 9 || total
-------------------------+-------+-------+-------++-------
Melee: Long sword        |    50 |   137 |    28 ||   215
       Constrict         |    17 |    32 |    16 ||    65
       Tentacles         |    11 |    25 |    14 ||    50
       Punch             |     1 |     3 |       ||     4
       Falchion          |       |       |    39 ||    39
Throw: Dart              |       |     1 |     2 ||     3
  Use: Scroll            |     5 |     2 |     4 ||    11
       Potion            |       |       |     8 ||     8
 Stab: Sleeping          |     7 |    20 |     3 ||    30
       Distracted        |       |       |     1 ||     1
Armor: Skin              |     8 |    30 |    11 ||    49
Dodge: Dodged            |    22 |    53 |    55 ||   130
Block: Buckler           |    10 |    22 |    26 ||    58
